Map: 2000 Atmospheres LE

Players

A.I. 1 (Very Easy) - Winner!

  • Race: Protoss Protoss

PashkaRU

  • Race: Protoss Protoss
  • League: Master

VOD

Have the link to the VOD?

Description

Time

  • Played on: June 15, 2021, 5:15 p.m.
  • Length: 11:48
Show
View Real Time Build Order
Export as new Build Order

A.I. 1 (Very Easy) Protoss - Winner!

Build Orders:  

Get SALT Encoding   

  12  0:00  Probe  
  13  0:13  Probe  
  14  0:19  Pylon  
  14  0:36  Assimilator  
  14  0:43  Gateway  
  14  0:46  Pylon  
  14  1:14  Assimilator  
  14  1:23  Probe  
  14  1:29  Zealot  
  14  1:31  Probe  
  17  1:33  Cybernetics Core  
  17  1:39  Probe  
  19  1:50  Probe  
  20  2:00  Probe  
  20  2:08  Probe  
  21  2:09  Warp Gate  
  22  2:43  Stalker  
  24  3:59  Probe  
  23  4:06  Stalker  
  23  4:08  Probe  
  23  4:16  Probe  
  16  4:25  Probe  
  17  4:37  Probe  
  18  4:49  Probe  
  19  5:01  Probe  
  20  5:21  Zealot  
  22  6:36  Stalker  
  24  7:19  Probe  
  24  7:27  Probe, Pylon  
  24  7:29  Robotics Facility, Nexus  
  25  7:31  Adept  
  28  7:37  Probe  
  25  8:13  Observer  
  26  8:25  Stalker  
  28  8:28  Observer  
  28  8:40  Probe  
  30  8:49  Probe  
  30  8:51  Assimilator  
  30  8:52  Probe  
  30  8:54  Assimilator  
  32  9:03  Probe  
  33  9:11  Probe  
  34  9:18  Probe  
  34  9:19  Zealot  
  37  9:25  Probe  
  38  9:32  Probe  
  38  9:37  Probe  
  40  9:47  Probe  
  40  9:50  Probe  
  42  10:01  Probe  
  42  10:06  Observer  
  43  10:08  Probe  
  44  10:15  Probe  
  45  10:23  Probe  
  45  10:28  Probe  
  46  10:33  Pylon  
  47  10:37  Probe  
Show
View Real Time Build Order
Export as new Build Order

PashkaRU Protoss 

Build Orders: Oracle Opening, Carriers 

Get SALT Encoding   

  12  0:00  Probe  
  13  0:12  Probe  
  14  0:18  Pylon  
  14  0:24  Probe (Chrono Boost)  
  15  0:37  Probe (Chrono Boost)  
  15  0:40  Gateway  
  16  0:44  Probe (Chrono Boost)  
  16  0:46  Assimilator  
  17  0:51  Probe  
  17  0:55  Assimilator  
  18  1:03  Probe (Chrono Boost)  
  19  1:09  Gateway  
  19  1:14  Probe (Chrono Boost)  
  20  1:21  Probe  
  21  1:28  Cybernetics Core  
  21  1:33  Probe  
  22  1:42  Pylon  
  22  1:50  Probe  
  23  2:04  Stalker  
  23  2:05  Stalker  
  27  2:13  Stargate  
  27  2:17  Warp Gate  
  27  2:26  Pylon  
  28  2:30  Probe  
  28  2:37  Robotics Facility  
  28  2:42  Probe  
  29  2:50  Shield Battery  
  29  2:54  Probe  
  29  2:56  Oracle (Chrono Boost)  
  33  3:24  Nexus  
  33  3:29  Pylon  
  33  3:33  Probe  
  34  3:34  Void Ray (Chrono Boost)  
  34  3:46  Observer  
  40  3:48  Probe  
  40  4:00  Probe  
  41  4:10  Immortal  
  41  4:12  Probe  
  46  4:24  Probe  
  46  4:29  Void Ray  
  47  4:37  Probe (Chrono Boost)  
  47  4:38  Probe (Chrono Boost)  
  53  4:43  Pylon  
  54  4:46  Probe (Chrono Boost)  
  54  4:47  Probe (Chrono Boost)  
  54  4:49  Assimilator  
  54  4:50  Assimilator  
  54  4:51  Probe (Chrono Boost)  
  54  4:52  Probe (Chrono Boost)  
  57  5:03  Probe  
  57  5:04  Probe  
  59  5:07  Immortal  
  63  5:15  Probe  
  63  5:16  Probe  
  63  5:19  Pylon  
  63  5:20  Void Ray  
  65  5:23  Pylon  
  69  5:28  Probe  
  70  5:37  Probe  
  71  5:45  Nexus  
  71  5:51  Forge  
  71  5:55  Probe x2  
  73  5:57  Void Ray  
  77  6:09  Pylon  
  77  6:13  Probe x2  
  77  6:17  Immortal  
  83  6:23  Robotics Bay  
  83  6:26  Probe x2  
  85  6:34  Void Ray  
  85  6:38  Probe  
  85  6:39  Probe  
  87  6:41  Stargate  
  87  6:43  Pylon  
  91  6:48  Stargate  
  91  6:52  Probe x2  
  93  6:55  Assimilator  
  93  6:58  Probe  
  93  6:59  Assimilator  
  94  7:08  Probe (Chrono Boost)  
  96  7:09  Probe (Chrono Boost)  
  96  7:11  Void Ray  
  96  7:14  Probe (Chrono Boost), Pylon  
  97  7:20  Probe (Chrono Boost)  
  97  7:21  Probe (Chrono Boost)  
  103  7:25  Probe (Chrono Boost)  
  103  7:27  Probe x2 (Chrono Boost)  
  106  7:30  Probe (Chrono Boost)  
  106  7:31  Fleet Beacon  
  106  7:34  Void Ray  
  106  7:35  Pylon  
  107  7:42  Void Ray, Probe  
  107  7:43  Probe  
  107  7:44  Probe  
  114  7:46  Protoss Air Weapons Level 1  
  118  7:55  Disruptor  
  121  8:00  Pylon  
  121  8:15  Carrier  
  121  8:17  Carrier  
  133  8:25  Pylon  
  133  8:29  Shield Battery  
  133  8:30  Shield Battery  
  133  8:32  Photon Cannon x2  
  133  8:34  Photon Cannon  
  133  8:38  Carrier  
  139  8:44  Pylon  
  139  8:45  Pylon  
  139  8:49  Disruptor  
  139  8:55  Photon Cannon  
  142  8:56  Photon Cannon  
  142  9:01  Pylon  
  142  9:03  Photon Cannon  
  142  9:07  Photon Cannon  
  142  9:18  Photon Cannon  
  142  9:19  Photon Cannon  
  142  9:25  Disruptor  
  145  9:33  Nexus  
  145  9:34  Pylon  
  145  9:44  Carrier  
  151  9:54  Carrier  
  157  10:06  Carrier  
  163  10:10  Pylon  
  163  10:12  Disruptor  
  166  10:17  Probe x3  
  169  10:28  Assimilator  
  169  10:29  Assimilator, Probe x3  
  169  10:32  Shield Battery  
  169  10:34  Photon Cannon  
  172  10:36  Shield Battery  
  172  10:38  Photon Cannon  
  172  10:42  Probe x2  
  174  10:43  Probe  
  174  10:48  Disruptor  
  192  11:17  Probe x2 (Chrono Boost)  
  192  11:18  Probe (Chrono Boost)  
  195  11:26  Probe x3  
  195  11:30  Nexus  
Tags
 
Composition
Carriers
League
Master
Matchup
PvP
Add a new tag
Caveats
  • Supply blocks, unpowered buildings, or Contaminate may cause inaccurate times.
  • Supply counts are checked every 10 seconds.